[Event "Titled Tuesday Blitz March 08 Early 2022"]
[White "Estevez Polanco, Leonardo Rafael"]
[Black "Lopez Gracia, Fernando"]
[WhiteFideId "6402798"]
[BlackFideId "2207184"]
[WhiteElo "2088"]
[BlackElo "2429"]
[Result "0-1"]
[Round "02"]
[TimeControl "180+1"]
[Date "2022.03.09"]
[WhiteClock "0:00:51"]
[BlackClock "0:01:07"]

1. e4 c5 2. Nf3 e6 3. d4 cxd4 4. c3 Nf6 5. Bd3 dxc3 6. Nxc3 d6 7. O-O Be7 8. Qe2 a6 9. Rd1 Qc7 10. Bf4 Nc6 11. Rac1 Bd7 12. Bb1 Rc8 13. h3 O-O 14. Nd5 exd5 15. exd5 Rfe8 16. dxc6 Bxc6 17. Nd4 Qb6 18. Nxc6 Rxc6 19. Bg5 Bf8 20. Qd3 Ne4 21. Be3 Qxb2 22. Rxc6 bxc6 23. f3 Nf6 24. Bd4 Qb5 25. Bxf6 Qxd3 26. Bxd3 gxf6 27. Bxa6 d5 28. Bb7 Re6 29. a4 d4 30. a5 Bc5 31. a6 Re2 32. Rc1 d3+ 33. Rxc5 d2 34. a7 d1=Q+ 35. Kh2 Qd6+ 36. Kg1 Qxc5+ 0-1


[Site "https://www.chess.com"]

[Event "Titled Tuesday Blitz March 08 Early 2022"]
[White "Eynullayev, Atilla"]
[Black "Roman, Rodrigo"]
[WhiteFideId "13413570"]
[BlackFideId "3701220"]
[WhiteElo "1979"]
[BlackElo "2001"]
[Result "1-0"]
[Round "02"]
[TimeControl "180+1"]
[Date "2022.03.09"]
[WhiteClock "0:01:24"]
[BlackClock "0:01:06"]

1. e4 c5 2. Nf3 Nc6 3. Bb5 Nd4 4. Nxd4 cxd4 5. O-O g6 6. c3 Bg7 7. Na3 a6 8. Bc4 e6 9. Nc2 b5 10. Bb3 Bb7 11. Qe2 Ne7 12. Nxd4 Bxd4 13. cxd4 O-O 14. d3 d5 15. e5 Nf5 16. Qg4 h5 17. Qf4 Rc8 18. Be3 Kg7 19. Rac1 Qe7 20. h3 h4 21. Rxc8 Rxc8 22. Bd1 b4 23. Bg4 a5 24. Bxf5 exf5 25. Qh6+ Kg8 26. Bg5 Qf8 27. Qxh4 Qg7 28. Bf6 Qh7 29. Qf4 Qh5 30. Rc1 Rxc1+ 31. Qxc1 Qh6 32. Qxh6 1-0


[Site "https://www.chess.com"]

[Event "Titled Tuesday Blitz March 08 Early 2022"]
[White "Fajdetic, Hrvoje"]
[Black "Horak, Martin"]
[WhiteFideId "14501945"]
[BlackFideId "367095"]
[WhiteElo "2172"]
[BlackElo "1997"]
[Result "0-1"]
[Round "02"]
[TimeControl "180+1"]
[Date "2022.03.09"]
[WhiteClock "0:00:01"]
[BlackClock "0:00:07"]

1. d4 Nf6 2. Bf4 d5 3. e3 c5 4. Nc3 cxd4 5. exd4 a6 6. Bd3 Nc6 7. Nce2 Bg4 8. f3 Bh5 9. c3 e6 10. Nh3 Bg6 11. O-O Bd6 12. Bxg6 hxg6 13. Qb3 Na5 14. Qc2 Kf8 15. Bxd6+ Qxd6 16. Nef4 g5 17. Nd3 g4 18. fxg4 Nxg4 19. Ndf4 Ne3 20. Ng6+ Kg8 21. Qf2 Nxf1 22. Nxh8 Qxh2+ 23. Kxf1 Qh1+ 24. Ke2 Qxa1 25. Qxf7+ Kxh8 26. Ng5 Qxb2+ 27. Kf3 Qxc3+ 28. Kg4 Qxd4+ 29. Kh3 Qe3+ 30. Kh4 Qd4+ 31. g4 Qf6 32. Qh5+ Kg8 33. Qh7+ Kf8 34. Qh8+ Ke7 35. Qxa8 Qh6+ 36. Kg3 Qxg5 37. Qb8 Qe3+ 38. Kh4 Qc5 39. Qg8 Qf2+ 40. Kh3 Qf8 41. Qh7 Qf3+ 42. Kh4 Qf6+ 43. Kg3 Nc4 44. Qb1 Qe5+ 45. Kh4 Qh2+ 46. Kg5 Qh6# 0-1


[Site "https://www.chess.com"]

[Event "Titled Tuesday Blitz March 08 Early 2022"]
[White "Farahat, Ali"]
[Black "Rychagov, Andrey"]
[WhiteFideId "10600507"]
[BlackFideId "4119932"]
[WhiteElo "2321"]
[BlackElo "2500"]
[Result "1-0"]
[Round "02"]
[TimeControl "180+1"]
[Date "2022.03.09"]
[WhiteClock "0:00:33"]
[BlackClock "0:00:51"]

1. e4 c5 2. Nf3 e6 3. Nc3 a6 4. g3 b5 5. d4 Bb7 6. d5 b4 7. Na4 Nf6 8. Bg2 Nxe4 9. dxe6 fxe6 10. Ng5 Nxg5 11. Bxb7 Ra7 12. Bg2 Be7 13. Nxc5 O-O 14. Nd3 Nc6 15. O-O Nf7 16. Bxc6 dxc6 17. Qe2 e5 18. Be3 Rd7 19. Rad1 e4 20. Nc5 Bxc5 21. Bxc5 Re8 22. Rxd7 Qxd7 23. Qxa6 Ne5 24. Kg2 Qd5 25. Be3 Nc4 26. Re1 Rf8 27. Qb7 Nxe3+ 28. Rxe3 Qd2 29. Rxe4 Qxf2+ 30. Kh3 Qf5+ 31. Rg4 h5 32. Qxg7# 1-0


[Site "https://www.chess.com"]

[Event "Titled Tuesday Blitz March 08 Early 2022"]
[White "Fathy, Elameir"]
[Black "Shuvalova, Polina"]
[WhiteFideId "10600396"]
[BlackFideId "24171760"]
[WhiteElo "2311"]
[BlackElo "2355"]
[Result "0-1"]
[Round "02"]
[TimeControl "180+1"]
[Date "2022.03.09"]
[WhiteClock "0:00:43"]
[BlackClock "0:01:47"]

1. d4 Nf6 2. c4 e6 3. Nf3 d5 4. g3 Bb4+ 5. Bd2 Be7 6. Bg2 Nbd7 7. O-O c6 8. Qc2 O-O 9. Rd1 b6 10. b3 Bb7 11. Nc3 Ba6 12. e4 dxc4 13. Bf4 cxb3 14. axb3 Bb7 15. h4 a5 16. Ne5 Rc8 17. Bf3 Bb4 18. Bg5 Be7 19. Rd2 h6 20. Bf4 Bb4 21. Rad1 Qe7 22. Re2 Rfd8 23. g4 Nxe5 24. dxe5 Rxd1+ 25. Nxd1 Nd7 26. g5 hxg5 27. Bxg5 Qc5 28. Qd3 Nxe5 0-1


[Site "https://www.chess.com"]

[Event "Titled Tuesday Blitz March 08 Early 2022"]
[White "Ferguson, Randal"]
[Black "Omariev, Maksim"]
[WhiteFideId "30903106"]
[BlackFideId "4193423"]
[WhiteElo "2161"]
[BlackElo "2421"]
[Result "0-1"]
[Round "02"]
[TimeControl "180+1"]
[Date "2022.03.09"]
[WhiteClock "0:00:05"]
[BlackClock "0:00:08"]

1. e4 c5 2. Nc3 d6 3. d4 cxd4 4. Qxd4 a6 5. Be3 Nc6 6. Qd2 Nf6 7. f3 b5 8. O-O-O e6 9. g4 Be7 10. g5 Nd7 11. Nge2 Nde5 12. Nd4 Nxd4 13. Qxd4 O-O 14. f4 Ng4 15. Bg1 e5 16. Qd5 Be6 17. Qd2 exf4 18. h4 f3 19. Bh3 f6 20. Bxg4 Bxg4 21. Be3 f5 22. Qd5+ Kh8 23. e5 dxe5 24. Qxe5 Qe8 25. Bd4 Qf7 26. h5 Bxg5+ 27. Kb1 Rae8 28. Qg3 h6 29. Nd5 Re2 30. Nf4 Bxf4 31. Qxf4 Kh7 32. Rhg1 Re4 33. Qd6 Rfe8 34. a3 R8e6 35. Qd8 Qe7 36. Qc8 Qe8 37. Qc7 Re7 38. Qg3 Qxh5 39. Qf2 Re2 40. Qf1 Qg6 41. Rh1 h5 42. Qg1 f4 43. Qf1 Qxc2+ 44. Ka1 R7e4 45. Rxh5+ Bxh5 46. Qh1 Rh2 47. Qg1 Qg2 48. Qe1 Rxd4 49. Qe6 Qxb2# 0-1


[Site "https://www.chess.com"]

[Event "Titled Tuesday Blitz March 08 Early 2022"]
[White "Fernandez Siles, Luis"]
[Black "Mohammadian, Mohammad"]
[WhiteFideId "2209420"]
[BlackFideId "12566055"]
[WhiteElo "2212"]
[BlackElo "1544"]
[Result "1-0"]
[Round "02"]
[TimeControl "180+1"]
[Date "2022.03.09"]
[WhiteClock "0:01:24"]
[BlackClock "0:00:36"]

1. d4 Nf6 2. c4 g6 3. Nc3 d5 4. cxd5 Nxd5 5. Bd2 Nxc3 6. Bxc3 Bg7 7. e4 Nc6 8. d5 Bxc3+ 9. bxc3 Ne5 10. Qd4 f6 11. f4 Nd7 12. h4 h5 13. e5 O-O 14. Bd3 Kg7 15. e6 Nb6 16. c4 c5 17. Qxc5 Qd6 18. Qxd6 exd6 19. Nf3 Re8 20. Kd2 a6 21. Nd4 Na4 22. f5 Nb2 23. fxg6 Nxd3 24. Kxd3 Kxg6 25. Rh3 Rg8 26. Rf1 Rf8 27. Rg3+ Kh6 28. Nf5+ Kh7 29. Rff3 b5 30. Rg7+ Kh8 31. Rfg3 bxc4+ 32. Kd4 a5 33. R3g6 Ra7 34. Rh6# 1-0


[Site "https://www.chess.com"]

[Event "Titled Tuesday Blitz March 08 Early 2022"]
[White "Fiorito, Fabian"]
[Black "Mena, Ailen Oriana"]
[WhiteFideId "100200"]
[BlackFideId "3902773"]
[WhiteElo "2395"]
[BlackElo "1534"]
[Result "1-0"]
[Round "02"]
[TimeControl "180+1"]
[Date "2022.03.09"]
[WhiteClock "0:02:29"]
[BlackClock "0:01:06"]

1. d4 d5 2. Nc3 e6 3. Bf4 Nf6 4. Nb5 Na6 5. e3 c6 6. Nc3 Nc7 7. Nf3 Bd6 8. Ne5 O-O 9. Bd3 Qe7 10. g4 h6 11. g5 hxg5 12. Bxg5 c5 13. Ng4 Nce8 14. Nxf6+ Nxf6 15. dxc5 Bxc5 16. Rg1 e5 17. Nxd5 1-0


[Site "https://www.chess.com"]

[Event "Titled Tuesday Blitz March 08 Early 2022"]
[White "Flis, Pawel"]
[Black "Miszler, Levente"]
[WhiteFideId "1112864"]
[BlackFideId "763276"]
[WhiteElo "1735"]
[BlackElo "1966"]
[Result "0-1"]
[Round "02"]
[TimeControl "180+1"]
[Date "2022.03.09"]
[WhiteClock "0:00:01"]
[BlackClock "0:00:02"]

1. e4 e6 2. d4 d5 3. Nd2 e5 4. exd5 Qxd5 5. dxe5 Qxe5+ 6. Be2 Bc5 7. Ngf3 Qe7 8. O-O Nf6 9. Bb5+ c6 10. Re1 Be6 11. Bc4 O-O 12. Bxe6 fxe6 13. Nb3 Bb6 14. Bf4 Ng4 15. Bd6 Bxf2+ 16. Kh1 Qf6 17. Bxf8 Bxe1 18. Qxe1 Kxf8 19. Rd1 Na6 20. h3 Nh6 21. Rd7 Rd8 22. Rxb7 Nf5 23. Rxa7 Nb8 24. Ra8 Ne7 25. Qe5 Qxe5 26. Nxe5 Nd5 27. Nc5 Ke7 28. Ra7+ Kf6 29. Ncd3 Ne7 30. g4 h6 31. Kg2 c5 32. c4 Nbc6 33. Nxc6 Nxc6 34. Ra3 Nd4 35. Nxc5 Nc2 36. Rf3+ Ke7 37. b3 Rd2+ 38. Rf2 Ne1+ 39. Kg3 Rd1 40. a4 Ra1 41. b4 Kd6 42. Ne4+ Ke5 43. Re2 Ra3+ 44. Kh2 Nf3+ 45. Kg2 Kf4 46. Nc5 Nh4+ 47. Kf2 Rf3+ 48. Ke1 Rxh3 49. Nd3+ Rxd3 50. a5 Nf3+ 51. Kf2 Nd4 0-1


[Site "https://www.chess.com"]

[Event "Titled Tuesday Blitz March 08 Early 2022"]
[White "Fus, Jakub"]
[Black "Zhigalko, Sergei"]
[WhiteFideId "1193023"]
[BlackFideId "13502956"]
[WhiteElo "2111"]
[BlackElo "2662"]
[Result "0-1"]
[Round "02"]
[TimeControl "180+1"]
[Date "2022.03.08"]
[WhiteClock "0:00:02"]
[BlackClock "0:00:05"]

1. d4 Nf6 2. c4 e6 3. Nf3 b6 4. g3 Ba6 5. Qa4 Bb7 6. Bg2 c5 7. dxc5 bxc5 8. O-O Be7 9. Rd1 O-O 10. Nc3 Qb6 11. Qc2 Nc6 12. b3 Rfd8 13. Bb2 h6 14. Rac1 d6 15. e4 e5 16. Nd5 Nxd5 17. exd5 Nd4 18. Nxd4 cxd4 19. h4 a5 20. h5 Bc8 21. Be4 Ra7 22. Kg2 Bd7 23. Rb1 Qc7 24. Bc1 Qc8 25. f3 f5 26. Bd3 Bf6 27. a3 Re8 28. Re1 Rc7 29. Bd2 Ra7 30. b4 axb4 31. axb4 Ra3 32. c5 e4 33. fxe4 fxe4 34. Bxe4 Be5 35. Bh7+ Kh8 36. Rxe5 Rxe5 37. c6 Re2+ 38. Kf1 d3 39. Bxd3 Rh2 40. cxd7 Qf8+ 41. Bf4 Rxc2 42. Bxc2 Rxg3 43. d8=Q Qxd8 44. Bxg3 Qc8 45. Be4 Qg4 46. b5 Qxe4 47. Rb2 Qh1+ 48. Kf2 Qxd5 49. Kf1 Qd1+ 50. Kg2 Qd5+ 51. Kh2 Qxh5+ 52. Kg1 Qc5+ 53. Kh2 Qh5+ 54. Kg1 Qg4 55. Kh2 d5 56. b6 Qh5+ 57. Kg1 Qd1+ 58. Kh2 Qd4 59. Rb1 Qd3 60. Rb2 Qc3 61. Rb5 Qc4 62. Rb2 Qc1 63. Rb5 Qc6 64. Rb2 Qb7 65. Bc7 d4 66. Kg3 Kh7 67. Rd2 Qe4 68. Rb2 Qe3+ 69. Kh2 Qc3 70. Rb5 Qc4 71. Rb2 Qc3 72. Rb5 Qc2+ 73. Kh1 Qd1+ 74. Kh2 Qe2+ 75. Kg3 Qxb5 0-1


[Site "https://www.chess.com"]

[Event "Titled Tuesday Blitz March 08 Early 2022"]
[White "Goldin, Roman"]
[Black "Saravana, Krishnan P."]
[WhiteFideId "2803860"]
[BlackFideId "5018382"]
[WhiteElo "2312"]
[BlackElo "2210"]
[Result "0-1"]
[Round "02"]
[TimeControl "180+1"]
[Date "2022.03.09"]
[WhiteClock "0:00:07"]
[BlackClock "0:00:17"]

1. e4 e6 2. d4 d5 3. Nd2 h6 4. Ngf3 Nf6 5. Bd3 c5 6. dxc5 Bxc5 7. Qe2 Nc6 8. O-O Qc7 9. c3 Be7 10. Re1 O-O 11. e5 Nd7 12. Bb1 Re8 13. Qd3 Nf8 14. Nf1 a5 15. h4 b6 16. h5 Ba6 17. Qe3 f5 18. N1h2 Rad8 19. g4 d4 20. Nxd4 Bc5 21. gxf5 Nxd4 22. cxd4 Bxd4 23. Qg3 Bxe5 24. f4 Bd4+ 25. Be3 Bxb2 26. Be4 Bxa1 27. Rxa1 exf5 28. Bxf5 Qc3 29. Re1 Bb7 30. Ng4 Qc6 31. Kh2 Kh8 32. Ne5 Qf6 33. Bg4 Ne6 34. f5 Ng5 35. Bxg5 hxg5 36. Ng6+ Kh7 37. Re6 Rd2+ 38. Kh3 Rxe6 0-1


[Site "https://www.chess.com"]

[Event "Titled Tuesday Blitz March 08 Early 2022"]
[White "Golizadeh, Asghar"]
[Black "Levine, David"]
[WhiteFideId "12505269"]
[BlackFideId "2011611"]
[WhiteElo "2403"]
[BlackElo "2166"]
[Result "1/2-1/2"]
[Round "02"]
[TimeControl "180+1"]
[Date "2022.03.09"]
[WhiteClock "0:00:15"]
[BlackClock "0:00:32"]

1. e4 e5 2. Nc3 Nf6 3. Bc4 Nxe4 4. Qh5 Nd6 5. Bb3 Be7 6. f4 exf4 7. d4 O-O 8. Bxf4 Nc6 9. Nge2 Ne8 10. O-O Nf6 11. Qf3 Na5 12. Nd5 Nxb3 13. Nxe7+ Qxe7 14. axb3 d5 15. Bg5 Re8 16. Ng3 Qd6 17. Bxf6 Qxf6 18. Qxf6 gxf6 19. Rxf6 Be6 20. b4 a6 21. c3 Rad8 22. Re1 Rd6 23. Nf5 Rb6 24. Nh4 a5 25. bxa5 Rxb2 26. Nf3 Ra8 27. Ng5 Rxa5 28. Nxe6 fxe6 29. Rf3 Raa2 30. Rg3+ Kf7 31. h3 Ke7 32. Kh1 Kd6 33. Rge3 Rxg2 34. Rxe6+ Kd7 35. Re7+ Kd8 36. Rxh7 Rh2+ 37. Kg1 Rag2+ 38. Kf1 Rc2 39. Kg1 Rcg2+ 40. Kf1 Rf2+ 41. Kg1 Rfg2+ 1/2-1/2


[Site "https://www.chess.com"]

[Event "Titled Tuesday Blitz March 08 Early 2022"]
[White "Golsta, Madara"]
[Black "Gheorghiu, Calin"]
[WhiteFideId "11607386"]
[BlackFideId "1200305"]
[WhiteElo "1997"]
[BlackElo "2168"]
[Result "1/2-1/2"]
[Round "02"]
[TimeControl "180+1"]
[Date "2022.03.09"]
[WhiteClock "0:00:03"]
[BlackClock "0:00:19"]

1. e4 e5 2. Nf3 Nc6 3. d4 exd4 4. Nxd4 Nf6 5. Nc3 Bb4 6. Nxc6 bxc6 7. Bd3 d5 8. exd5 O-O 9. O-O cxd5 10. Bg5 Qd6 11. Ne2 Bg4 12. h3 Bh5 13. c3 Bc5 14. Qc2 Ne4 15. Bf4 Qb6 16. Bxe4 dxe4 17. Ng3 Bg6 18. Qb3 e3 19. fxe3 Bxe3+ 20. Kh2 Bxf4 21. Rxf4 Rab8 22. Qxb6 axb6 23. Rd1 Rfd8 24. Rfd4 Rxd4 25. Rxd4 Kf8 26. Ne2 Ke7 27. Nf4 c6 28. h4 Bf5 29. Nh5 g6 30. Ng3 Be6 31. Ne4 Bxa2 32. Ra4 Be6 33. Ra7+ Kf8 34. Ng5 Bd5 35. Nxh7+ Kg7 36. Ng5 Re8 37. Ra4 Re2 38. c4 Bxg2 39. Kg3 Bf1 40. Ra7 Rxb2 41. Rxf7+ Kg8 42. Rc7 Bg2 43. Kf4 Rc2 44. Ke5 Rxc4 45. Kf6 Rf4+ 46. Kxg6 Be4+ 47. Kh6 b5 48. Rc8+ Rf8 49. Rc7 Re8 50. Rg7+ Kf8 51. Rf7+ Kg8 52. Rg7+ Kf8 53. Rf7+ Kg8 54. Rg7+ 1/2-1/2


[Site "https://www.chess.com"]

[Event "Titled Tuesday Blitz March 08 Early 2022"]
[White "Goltsev, Dmitry"]
[Black "Paravyan, David"]
[WhiteFideId "24176710"]
[BlackFideId "4194985"]
[WhiteElo "2273"]
[BlackElo "2569"]
[Result "0-1"]
[Round "02"]
[TimeControl "180+1"]
[Date "2022.03.08"]
[WhiteClock "0:00:04"]
[BlackClock "0:00:28"]

1. e4 e5 2. Nf3 Nf6 3. Nxe5 d6 4. Nf3 Nxe4 5. d3 Nf6 6. d4 d5 7. Bd3 Bd6 8. O-O O-O 9. Re1 Bg4 10. h3 Bh5 11. Bg5 Nbd7 12. c4 dxc4 13. Bxc4 c6 14. Nc3 Qa5 15. Bd2 Qb6 16. g4 Bg6 17. a3 Rae8 18. b4 Rxe1+ 19. Qxe1 Re8 20. Be3 Qd8 21. Qd2 Nb6 22. Bb3 Nbd5 23. Nxd5 Nxd5 24. Bxd5 cxd5 25. Ne5 Be4 26. f3 Bg6 27. f4 Be4 28. Rc1 Qh4 29. Kh2 f6 30. Bf2 Qh6 31. g5 fxg5 32. fxg5 Qh5 33. Bg3 Rf8 34. Re1 Bxe5 35. Bxe5 Qf3 36. Rc1 b5 37. Bd6 Rd8 38. Be5 Rd7 39. Rc8+ Kf7 40. Qf4+ Qxf4+ 41. Bxf4 Kg6 42. Rc7 Rxc7 43. Bxc7 Kxg5 44. Kg3 Kf5 45. Be5 g5 46. h4 gxh4+ 47. Kxh4 Bf3 48. Kg3 Ke4 49. Bd6 Bh5 50. Bc5 a6 51. Bb6 Kd3 52. Kh4 Bf3 53. Kg3 Be4 54. Kf4 Kc4 55. Ke5 Kb3 56. Bc7 Kxa3 57. Ba5 Kb3 58. Kf4 Kc4 59. Ke5 h5 0-1


[Site "https://www.chess.com"]

[Event "Titled Tuesday Blitz March 08 Early 2022"]
[White "Goltseva, Ekaterina"]
[Black "Matlakov, Maxim"]
[WhiteFideId "24173770"]
[BlackFideId "4168003"]
[WhiteElo "2140"]
[BlackElo "2669"]
[Result "0-1"]
[Round "02"]
[TimeControl "180+1"]
[Date "2022.03.08"]
[WhiteClock "0:00:01"]
[BlackClock "0:00:39"]

1. d4 Nf6 2. c4 e6 3. Nc3 d5 4. cxd5 exd5 5. Bg5 Bb4 6. Qa4+ Nc6 7. e3 h6 8. Bxf6 Qxf6 9. Nf3 O-O 10. Be2 Be6 11. O-O a6 12. Qb3 Bd6 13. Nxd5 Qf5 14. e4 Qxe4 15. Nc3 Nxd4 16. Nxe4 Nxe2+ 17. Kh1 Bxb3 18. axb3 Bb4 19. Rfd1 Rfe8 20. Ned2 Rad8 21. Nc4 Nf4 22. g3 Nd3 23. Kg2 b5 24. Nce5 Nxe5 25. Rxd8 Rxd8 26. Nxe5 Rd6 27. Rc1 c5 28. Rc2 f6 29. Ng4 Rd3 30. Ne3 Rxb3 31. Nd5 c4 32. f4 a5 33. Nc7 Bd6 34. Nd5 Bc5 35. Nc7 Bd4 0-1


[Site "https://www.chess.com"]

[Event "Titled Tuesday Blitz March 08 Early 2022"]
[White "Golubka, Petro"]
[Black "Krylov, Ivan"]
[WhiteFideId "14114224"]
[BlackFideId "24128066"]
[WhiteElo "2346"]
[BlackElo "2258"]
[Result "1-0"]
[Round "02"]
[TimeControl "180+1"]
[Date "2022.03.09"]
[WhiteClock "0:00:15"]
[BlackClock "0:00:01"]

1. e4 c6 2. d4 d5 3. e5 c5 4. Nf3 Nc6 5. c4 cxd4 6. Nxd4 e6 7. Nxc6 bxc6 8. Nc3 Bb4 9. a3 Bxc3+ 10. bxc3 Ne7 11. cxd5 cxd5 12. Bd3 Ng6 13. Bxg6 hxg6 14. O-O Qh4 15. h3 O-O 16. Be3 Qe7 17. Qg4 Ba6 18. Rfb1 Bc4 19. Qd4 Qc7 20. h4 Rfb8 21. f3 Rxb1+ 22. Rxb1 Qe7 23. Bc1 Rc8 24. Rb4 Qc7 25. Bd2 a5 26. Rb6 Rb8 27. Rxb8+ Qxb8 28. Qc5 Qb1+ 29. Kh2 Qb2 30. Be1 Qe2 31. Bg3 Qd3 32. Qxa5 Qd2 33. Qc5 Bf1 34. Bf2 Qa2 35. Kg1 Bc4 36. Kh2 Kh7 37. Kg3 Qb3 38. Qe7 Qa2 39. Qxf7 Qxa3 40. h5 Bd3 41. Be3 Qxc3 42. h6 1-0


[Site "https://www.chess.com"]

[Event "Titled Tuesday Blitz March 08 Early 2022"]
[White "Gracia Alvarez, Gerardo Antonio"]
[Black "Samaganova, Aleksandra"]
[WhiteFideId "5109124"]
[BlackFideId "13800221"]
[WhiteElo "2139"]
[BlackElo "1859"]
[Result "1-0"]
[Round "02"]
[TimeControl "180+1"]
[Date "2022.03.09"]
[WhiteClock "0:00:13"]
[BlackClock "0:00:10"]

1. e4 c5 2. Nc3 e6 3. d4 cxd4 4. Qxd4 Nc6 5. Qe3 Nf6 6. Nf3 Bb4 7. Bd2 O-O 8. O-O-O d5 9. exd5 exd5 10. Qf4 Bg4 11. Bd3 d4 12. Ne4 Bxd2+ 13. Rxd2 Nxe4 14. Bxe4 Bxf3 15. Bxf3 Qa5 16. a3 Rfe8 17. Rhd1 Rac8 18. Kb1 Ne5 19. Rxd4 Ng6 20. Qd2 Qa6 21. Rd7 Rb8 22. Rd6 Qb5 23. Bd5 Ne5 24. Qf4 Qc5 25. Bb3 Rbc8 26. R6d5 Qe7 27. Re1 Qc7 28. Rdxe5 Rxe5 29. Qxe5 Qxe5 30. Rxe5 Kf8 31. Rd5 Rc7 32. Rd8+ Ke7 33. Rh8 h6 34. Kc1 Kf6 35. Rd8 Re7 36. Kd2 Rc7 37. Rd6+ Ke5 38. Rd3 Kf6 39. f4 g6 40. g4 g5 41. fxg5+ hxg5 42. Rf3+ Kg7 43. h3 b6 44. Bd5 Rd7 45. c4 b5 46. b3 a5 47. Kc3 a4 48. bxa4 bxa4 49. Kd4 f6 50. c5 Kg6 51. c6 Rc7 52. Kc5 Re7 53. Kd6 Re1 54. c7 Rc1 55. Bc6 Rd1+ 56. Ke7 Re1+ 57. Kd8 Rd1+ 58. Bd7 Rc1 59. c8=Q Rxc8+ 60. Bxc8 f5 61. Bxf5+ Kf6 62. Bc2+ Ke5 63. Rf5+ Kd4 64. Rxg5 Kc3 65. Bxa4 Kb2 66. h4 Ka1 67. h5 1-0


[Site "https://www.chess.com"]

[Event "Titled Tuesday Blitz March 08 Early 2022"]
[White "Gulecyuz, Deniz"]
[Black "Stankovic, Ivan G"]
[WhiteFideId "30921341"]
[BlackFideId "902837"]
[WhiteElo "1923"]
[BlackElo "2195"]
[Result "0-1"]
[Round "02"]
[TimeControl "180+1"]
[Date "2022.03.09"]
[WhiteClock "0:00:03"]
[BlackClock "0:01:17"]

1. Nf3 c5 2. g3 Nc6 3. Bg2 g6 4. O-O Bg7 5. c4 d6 6. d3 e5 7. Nc3 Nge7 8. a3 O-O 9. Rb1 a5 10. Nd2 Be6 11. e4 Nd4 12. b4 axb4 13. axb4 b6 14. Nb3 Nec6 15. b5 Nxb3 16. bxc6 Nxc1 17. Qxc1 Rc8 18. Qa3 Rxc6 19. Qa7 Qa8 20. Ra1 Qxa7 21. Rxa7 Rb8 22. Rb1 Bh6 23. Nb5 Bd2 24. Kf1 Ba5 25. Ke2 Rd8 26. f4 Rcc8 27. Kf3 f5 28. Ke3 exf4+ 29. Kxf4 fxe4 30. Bxe4 d5 31. cxd5 Bxd5 32. Nc7 Bxe4 33. dxe4 Rd7 34. Nb5 Rxa7 35. Nxa7 Rf8+ 36. Ke3 Rf6 37. Nc6 Rxc6 0-1


[Site "https://www.chess.com"]

[Event "Titled Tuesday Blitz March 08 Early 2022"]
[White "Guliev, Logman"]
[Black "Mohammad Fahad, Rahman"]
[WhiteFideId "13400061"]
[BlackFideId "10207791"]
[WhiteElo "2128"]
[BlackElo "2323"]
[Result "1/2-1/2"]
[Round "02"]
[TimeControl "180+1"]
[Date "2022.03.09"]
[WhiteClock "0:00:05"]
[BlackClock "0:00:20"]

1. e4 e5 2. Nf3 Nc6 3. Bb5 a6 4. Ba4 Nf6 5. O-O Be7 6. Re1 b5 7. Bb3 O-O 8. c3 d5 9. exd5 Nxd5 10. Nxe5 Nxe5 11. Rxe5 c6 12. d4 Bd6 13. Re1 Qh4 14. g3 Qh3 15. Be3 Bg4 16. Qd3 Rfe8 17. Nd2 Qh5 18. a4 Bf5 19. Qf1 Bh3 20. Qd3 Bf5 21. Qf1 Nf6 22. axb5 Ng4 23. Qg2 axb5 24. Rxa8 Rxa8 25. Nf1 Bd7 26. Bd1 Qg6 27. h3 Nxe3 28. Nxe3 h6 29. Bf3 Ra2 30. Bxc6 Bxc6 31. Qxc6 Rxb2 32. Qc8+ Kh7 33. Qf5 Rb3 34. Qxg6+ Kxg6 35. Nd5 Ba3 36. Kg2 f6 37. g4 Kf7 38. h4 b4 39. cxb4 Bxb4 40. Re3 Rb1 41. h5 Bf8 42. Nf4 Bd6 43. Ng6 Rd1 44. Re4 Bb4 45. Kf3 Ba3 46. Ke2 Rb1 47. d5 Rb2+ 48. Kf3 Rd2 49. Nf4 Bd6 50. Ra4 Bxf4 51. Ra7+ Kg8 52. Kxf4 Rxd5 53. Ke4 Re5+ 54. Kf4 Rg5 55. f3 Kh7 56. Ke4 Rb5 57. f4 Rb4+ 58. Kf5 Rb5+ 59. Ke6 Rb1 60. Ra4 Rg1 61. f5 Re1+ 62. Kf7 Re5 63. Rd4 Ra5 64. Rd7 Ra4 65. Rd5 Rxg4 66. Kf8 Rg5 67. Rd7 Kh8 68. Rf7 Rg1 69. Re7 Ra1 70. Kf7 Kh7 71. Kf8 Ra8+ 72. Kf7 Ra4 73. Rd7 Rg4 74. Kf8 Rg5 75. Rf7 Kh8 76. Re7 Rxf5 77. Rxg7 Rxh5 78. Rg8+ Kh7 79. Rg7+ Kh8 80. Rg8+ Kh7 81. Rg7+ Kh8 1/2-1/2


[Site "https://www.chess.com"]

[Event "Titled Tuesday Blitz March 08 Early 2022"]
[White "Guseva, Marina"]
[Black "Quirke, Jeffrey"]
[WhiteFideId "4149351"]
[BlackFideId "2013029"]
[WhiteElo "2160"]
[BlackElo "2117"]
[Result "1-0"]
[Round "02"]
[TimeControl "180+1"]
[Date "2022.03.09"]
[WhiteClock "0:00:26"]
[BlackClock "0:00:02"]

1. d4 d5 2. Nf3 c5 3. c4 cxd4 4. cxd5 Qxd5 5. Qxd4 Qxd4 6. Nxd4 a6 7. g3 e5 8. Nb3 Nc6 9. Bg2 Nf6 10. Nc3 Be7 11. O-O O-O 12. Bg5 Be6 13. Bxf6 gxf6 14. Nd5 Bxd5 15. Bxd5 a5 16. Bxc6 bxc6 17. Nd2 a4 18. Nc4 a3 19. b3 Rfd8 20. Rac1 Bb4 21. Rc2 Rab8 22. Rfc1 c5 23. Kf1 Kf8 24. e3 Ke7 25. Ke2 Ke6 26. Rd1 f5 27. Rxd8 Rxd8 28. Nb6 e4 29. Nc4 Rd5 30. f3 Rd3 31. f4 Rd5 32. Nd2 h5 33. Nb1 Rd3 34. Nd2 Rd5 35. Nc4 Rd3 36. Ne5 Rd5 37. Nc6 Rd3 38. Nxb4 cxb4 39. Rc4 Rc3 40. Rxc3 bxc3 41. Kd1 Kd5 42. Kc2 Kc5 43. Kxc3 1-0


[Site "https://www.chess.com"]

[Event "Titled Tuesday Blitz March 08 Early 2022"]
[White "Dronavalli, Harika"]
[Black "Hernandez Jimenez, Alexander Andres"]
[WhiteFideId "5015197"]
[BlackFideId "3900452"]
[WhiteElo "2382"]
[BlackElo "2082"]
[Result "1-0"]
[Round "02"]
[TimeControl "180+1"]
[Date "2022.03.09"]
[WhiteClock "0:01:12"]
[BlackClock "0:01:49"]

1. d4 Nf6 2. Nf3 e6 3. Bf4 b6 4. e3 Bb7 5. h3 c5 6. Nbd2 Be7 7. Bd3 d6 8. O-O Nbd7 9. Qe2 O-O 10. c3 Rc8 11. a4 cxd4 12. exd4 Re8 13. Bh2 Bf8 14. a5 e5 15. dxe5 Nxe5 16. Nxe5 dxe5 17. Ne4 Nxe4 18. Bxe4 Bxe4 19. Qxe4 bxa5 20. Qa4 Qb6 21. Ra2 Rc5 22. Qxe8 1-0


[Site "https://www.chess.com"]

[Event "Titled Tuesday Blitz March 08 Early 2022"]
[White "Heinemann, Josefine"]
[Black "Antonio, Jorge Carlos"]
[WhiteFideId "12900460"]
[BlackFideId "113190"]
[WhiteElo "2300"]
[BlackElo "2247"]
[Result "0-1"]
[Round "02"]
[TimeControl "180+1"]
[Date "2022.03.09"]
[WhiteClock "0:00:12"]
[BlackClock "0:00:15"]

1. Nf3 d5 2. g3 c5 3. Bg2 Nc6 4. d4 Bg4 5. dxc5 e5 6. c4 d4 7. Qa4 Bd7 8. Qc2 f5 9. O-O Bxc5 10. e3 d3 11. Qxd3 e4 12. Qc3 exf3 13. Qxg7 fxg2 14. Rd1 Qe7 15. Qxh8 O-O-O 16. Qc3 h5 17. a3 h4 18. b4 Bd6 19. Bb2 h3 20. Nd2 Be5 21. Qc2 Bxb2 22. Qxb2 Qe5 23. Qc2 Nf6 24. Nf3 Qe4 25. Qxe4 fxe4 26. Ng5 Ne5 27. f4 Neg4 28. Re1 Bf5 29. Nxh3 Rd2 30. Ng5 Rd3 31. a4 Nxe3 32. h3 Nc2 33. Rac1 Nxe1 34. Rxe1 e3 35. g4 Be4 36. Nxe4 Nxe4 37. Kxg2 Nc3 38. g5 e2 39. g6 Rd1 40. Kf2 Rd7 41. h4 Kd8 42. h5 Ke7 43. h6 Kf6 44. h7 Rd8 45. f5 Ne4+ 46. Ke3 Nd6 47. Kxe2 Nxf5 48. Rf1 Kxg6 49. Rg1+ Kf6 50. Rh1 Ng3+ 51. Kf3 Nxh1 52. c5 Kg7 53. b5 Kxh7 54. c6 0-1


[Site "https://www.chess.com"]